 Dungeon Crawl Stone Soup version 0.29-a0-648-g6b26cc9f40 (webtiles) character file.

Game seed: 11541616576089410542

11890 Johnny the Spear-Bearer (level 11, -15/97 HPs)
             Began as a Troll Berserker on June 20, 2022.
             Was a Priest of Trog.
             Demolished by a naga
             ... wielding a +0 short sword
              (20 damage)
             ... on level 2 of the Lair of Beasts.
             The game lasted 00:08:40 (7030 turns).

Johnny the Spear-Bearer (Troll Berserker)           Turns: 7030, Time: 00:08:41

Health: -15/97     AC:  7    Str: 31    XL:     11   Next: 55%
Magic:  10/10      EV:  7    Int:  3    God:    Trog [***...]
Gold:   428        SH:  0    Dex:  9    Spells: 10/10 levels left

rFire   . . .      SeeInvis .   r - +13 scythe of Curses {drain, Drain}
rCold   + . .      Faith    .   (shield currently unavailable)
rNeg    . . .      Spirit   .   z - +0 steam dragon scales
rPois   .          Reflect  .   (helmet restricted)
rElec   +          Harm     .   (no cloak)
rCorr   .          Rampage  .   (gloves unavailable)
Will    .....                   (boots unavailable)
Stlth   +.........              k - amulet of the Puckish God {RegenMP rElec rC+}
HPRegen 1.06/turn               (no ring)
MPRegen 0.52/turn               (no ring)

@: lethally poisoned (-15 -> -15), on berserk cooldown, slowed, constricted,
very slow
A: large, unfitting armour, claws 3, regeneration 1, shaggy fur 1, tough skin 1
a: Renounce Religion, Berserk, Trog's Hand


You were on level 2 of the Lair of Beasts.
You worshipped Trog.
Trog was most pleased with you.
You visited 2 branches of the dungeon, and saw 11 of its levels.
You also visited: Sewer and Bailey.

You collected 563 gold pieces.
You spent 135 gold pieces at shops.

Inventory:

Hand Weapons
 r - the +13 scythe of Curses (weapon) {drain, Drain}
   (You found it on level 3 of the Dungeon)

   A truly terrible weapon, it drains the life of any living foe it strikes.
   It inflicts powerful necromantic curses on any living foe it strikes.
   Drain:     It drains your maximum health when unequipped.
 D - a +1 glaive of protection
Armour
 z - +0 steam dragon scales (worn)
Jewellery
 k - the amulet of the Puckish God (around neck) {RegenMP rElec rC+}
   (You found it on level 2 of the Dungeon)

   [amulet of magic regeneration]

   It increases your rate of magic regeneration.
   rC:        It protects you from cold.
   rElec:     It insulates you from electricity.
 t - an amulet of faith
Wands
 b - a wand of iceblast (10)
 E - a wand of quicksilver (4)
Scrolls
 g - 3 scrolls of enchant armour
 j - 3 scrolls of poison
 l - 3 scrolls of blinking
 n - 6 scrolls of teleportation
 q - a scroll of fog
 w - a scroll of enchant weapon
 x - a scroll of silence
 y - 5 scrolls of identify
 A - a scroll of fear
 C - a scroll of magic mapping
 F - a scroll of amnesia {unknown}
 G - 3 scrolls of acquirement {unknown}
Potions
 a - 3 potions of brilliance
 c - 3 potions of cancellation
 d - 4 potions of heal wounds
 e - 2 potions of might
 f - a potion of attraction
 h - a potion of lignification
 i - a potion of mutation
 m - 2 potions of degeneration
 o - a potion of flight
 p - 6 potions of haste
 s - a potion of magic
 u - a potion of berserk rage
 v - 4 potions of curing
 B - 2 potions of resistance


   Skills:
 - Level 3.3 Fighting
 - Level 4.5 Maces & Flails
 * Level 14.8 Polearms
 - Level 2.4 Dodging


You had 10 spell levels left.
You didn't know any spells.
Your spell library contained the following spells:

 Spells                   Type           Power      Damage    Failure   Level
 Magic Dart               Conj           0%         1d3       52%         1
 Searing Ray              Conj           0%         2d4       67%         2
 Inner Flame              Hex/Fire       0%         N/A       88%         3
 Cause Fear               Hex            0%         N/A       99%         4
 Fulminant Prism          Conj/Hex       0%         3d6       99%         4
 Petrify                  Tmut/Erth      0%         N/A       99%         4
 Blade Hands              Tmut           0%         N/A       100%        5
 Irradiate                Conj/Tmut      0%         3d13      100%        5
 Metabolic Englaciation   Hex/Ice        0%         N/A       100%        5
 Statue Form              Tmut/Erth      0%         N/A       100%        6
 Dragon Form              Tmut           0%         N/A       100%        7
 Discord                  Hex            0%         N/A       100%        8


Dungeon Overview and Level Annotations

Branches:
Dungeon (9/15)             Temple (0/1) D:6            Lair (1/6) D:9
  Sewer (visited)          Bailey (visited)
    Orc: D:9-12

Altars:
Fedhas
Makhleb
Okawaru
Qazlal
Sif Muna
Uskayaw
Xom
Lugonu

Shops:
D:4 =?:

Portals:
Abyss: D:6


Innate Abilities, Weirdness & Mutations

You are too large for most types of armour.
You have claws for hands.
Your natural rate of healing is unusually fast.
You are covered in fur. (AC +1)
You have tough skin. (AC +1)


Message History

You kill the komodo dragon!
Trog accepts your kill.
You feel the effects of Trog's Hand fading.
A blink frog comes into view.
The blink frog gives a loud, deep croak!
A blink frog comes into view.
You see here a komodo dragon corpse.
A blink frog comes into view. x2
The blink frog blinks!
You closely miss the naga. The blink frog closely misses you.
The naga hits you with a +0 short sword!!
The naga grabs you. The naga constricts you.
The naga hits you with a +0 short sword!
The naga constricts you.
The blink frog hits you but does no damage.
You hit the naga but do no damage.
Your skin stops crawling.
You feel less strong-willed. The blink frog hits you!
* * * LOW HITPOINT WARNING * * *
The naga hits you with a +0 short sword!
* * * LOW HITPOINT WARNING * * *
The naga constricts you.
* * * LOW HITPOINT WARNING * * *
The blink frog closely misses you. The naga spits poison at you.
The splash of poison hits you.
You are poisoned.
* * * LOW HITPOINT WARNING * * *
The naga constricts you.
* * * LOW HITPOINT WARNING * * *
Unknown command.
Blink to where?
Press: ? - help, Dir - move target The naga's grasp on you weakens, but your attempt to escape fails.
As you read the scroll of blinking, it crumbles to dust.
You feel sick. The blink frog barely misses you.
The blink frog closely misses you.
The bullfrog hits you but does no damage.
The naga hits you with a +0 short sword!!
You die...

P...................#
...#...................
...P.......#........#.## #
...P.†.....#....P...... ..
#..................#.....
.#..†.....................
...........#....#F..#.....
...##..##..#...FF##.......
..............FN@†<...#
P..............F......#
..$.......................
...#..........#####...#...
.............## ##..#..
... .......P ..... ....#..
...# ...#.. ...#


You could see 4 blink frogs, a naga (catching breath) and a bullfrog.

Vanquished Creatures
  2 hydras (Lair:1)
  A two-headed ogre (Bailey)
  5 death yaks (Lair:1)
  Pikel (D:6)
  3 cane toads
  2 komodo dragons
  Grinder (D:4)
  2 spriggans (Bailey)
  A wyvern (D:9)
  Eustachio (D:4)
  A basilisk (Lair:1)
  2 steam dragons
  6 yaks
  A warg (D:9)
  4 water moccasins
  2 black bears
  2 orc warriors (D:9)
  2 sky beasts
  2 centaurs (D:9)
  3 ogres
  2 lemures (D:5)
  A kobold brigand (D:8)
  2 necrophages
  A gnoll sergeant (D:8)
  4 bullfrogs
  2 scorpions
  3 wights (D:8)
  An electric eel (Lair:1)
  6 howler monkeys
  3 orc priests
  5 hounds
  2 jellies
  A gnoll shaman (D:6)
  3 iguanas (D:4)
  Terence (D:3)
  6 orc wizards
  A hell rat (Sewer)
  9 adders
  12 gnolls
  A river rat (D:6)
  2 white imps
  An ufetubus (D:3)
  4 worms
  A dart slug (D:5)
  28 orcs
  4 bats
  3 endoplasms
  A giant cockroach (D:6)
  6 goblins
  5 hobgoblins
  7 jackals
  5 kobolds
  8 quokkas
  6 ball pythons
  A frilled lizard (D:2)
  11 rats
  A lurking horror (D:6)
204 creatures vanquished.

Vanquished Creatures (others)
  2 demonic plants (D:1)
  4 fungi
  3 plants
9 creatures vanquished.

Grand Total: 213 creatures vanquished

Notes
Turn   | Place    | Note
-------+----------+-------------------------------------------
     0 | D:1      | Johnny the Troll Berserker began the quest for the Orb.
     0 | D:1      | Reached XP level 1. HP: 22/22 MP: 0/0
   263 | D:1      | Reached XP level 2. HP: 25/29 MP: 1/1
   296 | D:1      | Found a faded altar of an unknown god.
   742 | D:2      | Identified the amulet of the Puckish God {RegenMP rElec
                  | rC+}
   760 | D:2      | Reached XP level 3. HP: 29/36 MP: 2/2
  1400 | D:3      | Noticed Terence
  1404 | D:3      | Killed Terence
  1405 | D:3      | Reached XP level 4. HP: 45/45 MP: 3/3
  1515 | D:3      | Reached ** piety under Trog
  1704 | D:3      | Found the +13 scythe of Curses {drain, Drain}
  1714 | D:3      | Reached XP level 5. HP: 52/53 MP: 4/4
  1998 | D:4      | Reached skill level 1 in Polearms
  2075 | D:4      | Found a shimmering altar of Xom.
  2095 | D:4      | Reached skill level 2 in Polearms
  2127 | D:4      | Found Sabeurph's Book Emporium.
  2220 | D:4      | Found a blossoming altar of Fedhas.
  2248 | D:4      | Noticed Grinder
  2248 | D:4      | Paralysed by Grinder for 2 turns
  2262 | D:4      | Killed Grinder
  2263 | D:4      | Reached skill level 4 in Polearms
  2263 | D:4      | Reached XP level 6. HP: 61/61 MP: 5/5
  2293 | D:4      | Found a shimmering blue altar of Sif Muna.
  2373 | D:4      | Noticed Eustachio
  2383 | D:4      | Killed Eustachio
  2384 | D:4      | Reached XP level 7. HP: 67/67 MP: 6/6
  2486 | D:4      | Found Musizo's Magic Scroll Shoppe.
  2492 | D:4      | Bought a scroll of identify for 20 gold pieces
  2492 | D:4      | Bought a scroll of magic mapping for 35 gold pieces
  2492 | D:4      | Bought a scroll of identify for 20 gold pieces
  2492 | D:4      | Bought 3 scrolls of identify for 60 gold pieces
  2555 | D:4      | Reached skill level 5 in Polearms
  2563 | D:4      | Found Epoupuel's Jewellery Shoppe.
  2904 | D:5      | Entered Level 5 of the Dungeon
  2998 | D:5      | Reached skill level 6 in Polearms
  3061 | D:5      | Reached *** piety under Trog
  3062 | D:5      | Reached XP level 8. HP: 75/75 MP: 7/7
  3366 | D:5      | Reached skill level 7 in Polearms
  3566 | D:6      | Noticed Pikel
  3660 | D:6      | Found a glowing drain.
  3676 | Sewer    | Entered a sewer
  3790 | D:6      | Killed Pikel
  3791 | D:6      | Reached skill level 8 in Polearms
  3930 | D:6      | Found a stormy altar of Qazlal.
  4014 | D:6      | Found a one-way gate to the infinite horrors of the Abyss.
  4015 | D:6      | Found a corrupted altar of Lugonu.
  4094 | D:6      | Reached XP level 9. HP: 72/83 MP: 8/8
  4163 | D:6      | Found a staircase to the Ecumenical Temple.
  4172 | D:6      | Found a burning altar of Makhleb.
  4249 | D:7      | Reached skill level 9 in Polearms
  4804 | D:7      | Found a hide-covered altar of Uskayaw.
  4804 | D:7      | Found an iron altar of Okawaru.
  5060 | D:8      | Reached skill level 10 in Polearms
  5936 | D:9      | Reached skill level 11 in Polearms
  5966 | D:9      | Found a flagged portal.
  5975 | Bailey   | Entered a bailey
  6014 | Bailey   | Reached XP level 10. HP: 91/91 MP: 9/9
  6049 | Bailey   | Noticed a two-headed ogre
  6055 | Bailey   | Killed a two-headed ogre
  6064 | Bailey   | Reached skill level 12 in Polearms
  6202 | D:9      | Found a staircase to the Lair.
  6253 | Lair:1   | Entered Level 1 of the Lair of Beasts
  6331 | Lair:1   | Reached **** piety under Trog
  6390 | Lair:1   | Noticed a death yak
  6390 | Lair:1   | Noticed a death yak
  6390 | Lair:1   | Noticed a death yak
  6391 | Lair:1   | Noticed a death yak
  6391 | Lair:1   | Noticed a death yak
  6397 | Lair:1   | Killed a death yak
  6398 | Lair:1   | Reached skill level 13 in Polearms
  6399 | Lair:1   | Killed a death yak
  6403 | Lair:1   | Killed a death yak
  6404 | Lair:1   | Reached XP level 11. HP: 74/97 MP: 10/10
  6469 | Lair:1   | Noticed a four-headed hydra
  6483 | Lair:1   | Killed a nine-headed hydra
  6755 | Lair:1   | Killed a death yak
  6756 | Lair:1   | Reached skill level 14 in Polearms
  6762 | Lair:1   | Killed a death yak
  6943 | Lair:1   | Noticed a four-headed hydra
  6952 | Lair:1   | Killed an eight-headed hydra
  6997 | Lair:1   | You fall into a shaft and drop 1 floor!
  7030 | Lair:2   | Demolished by a naga

Illustrated notes

Levels and vault maps discovered:
D:1:      scummos_arrival_simple_crosswalls, layout_loops_ring,
          shapermc_ecumenical_altar_gd
D:2:      layout_basic, serial_park_tiny_2, glass_columns_a, minmay_tetromino_l2
D:3:      layout_rooms, uniq_terence
D:4:      layout_loops_ring, xom_teletrap_fun, amcnicky_altar_gilded,
          fedhas_altar_1, serial_shops, nicolae_shop_waterfront,
          nicolae_shop_temple_entry_statues_fountains, shop, uniq_grinder,
          uniq_eustachio
D:5:      layout_loops_cross
D:6:      cheibrodos_quashed, layout_rooms, mainiacjoe_overflow_alcove_1,
          mainiacjoe_overflow_tiny_flanked, minmay_temple_entry_statues_pillars,
          portal_sewer_entry_c, amcnicky_altar_lugonu_corruption, uniq_pikel
D:7:      layout_basic, minitemple, grunt_decor_cap
D:8:      layout_cave_pods
D:9:      layout_cave_pools, ashenzari_conservatory_becter,
          erik_lair_orcish_takeover, enter_bailey_8, lemuel_flamethrower_2
Lair:1:   layout_loops_ring, chequers_serial_rivers_small_3,
          nicolae_quartered_pool_little, lemuel_centaur_altar
Lair:2:   layout_chaotic_city, minmay_snake_entry_guardpost_small,
          ebering_ghost_reflecting_pool, beast_lair_carwin_1,
          serial_bayou_shore_b

Skill      XL: |  1  2  3  4  5  6  7  8  9 10 11 |
---------------+----------------------------------+-----
Maces & Flails | 3 4 |  4.5
Fighting       | 3 |  3.3
Polearms       | 4 6 8 11 13 14 | 14.8
Dodging        | |  2.4

Action                   |  1- 3 |  4- 6 |  7- 9 | 10-12 || total
-------------------------+-------+-------+-------+-------++-------
Melee: Mace              |   106 |    54 |       |       ||   160
       Punch             |     1 |     1 |       |       ||     2
       Scythe            |       |    63 |   183 |    99 ||   345
Throw: Throwing net      |       |       |       |     1 ||     1
Invok: Berserk           |     1 |     1 |     7 |     7 ||    16
       Trog's Hand       |       |     1 |     6 |     5 ||    12
Evoke: Wand              |       |       |     2 |     2 ||     4
  Use: Scroll            |       |       |    23 |     3 ||    26
       Potion            |       |       |     1 |       ||     1
Armor: Animal skin       |    41 |    51 |    51 |       ||   143
       Steam dragon scal |       |       |    25 |    12 ||    37
Dodge: Dodged            |    58 |    68 |   106 |    47 ||   279

Table legend: (Time is in decaauts)
 A = Elapsed time spent in this place.
 B = Non-inter-level travel time spent in this place.
 C = Inter-level travel time spent in this place.
 D = Time resting spent in this place.
 E = Time spent auto-exploring this place.
 F = Levels seen in this place.
 G = Mean time per level.
                   A        B        C        D        E       F      G
               +--------+--------+--------+--------+--------+-----+--------+
         Total |   7412 |   7188 |    224 |    508 |   5045 |  13 |  570.2 |
       Dungeon |   6249 |   6025 |    224 |    339 |   4385 |   9 |  694.3 |
          Lair |    841 |    841 |      0 |     99 |    556 |   2 |  420.5 |
         Sewer |    116 |    116 |      0 |      0 |     67 |   1 |  116.0 |
        Bailey |    205 |    205 |      0 |     68 |     35 |   1 |  205.0 |
               +--------+--------+--------+--------+--------+-----+--------+

Top non-repeatable levels by time:
     D:4: 1050 daAuts
     D:8: 921 daAuts
     D:2: 860 daAuts
     D:7: 807 daAuts
  Lair:1: 800 daAuts
     D:5: 713 daAuts
     D:6: 587 daAuts
     D:1: 563 daAuts
     D:3: 561 daAuts
  Bailey: 205 daAuts
     D:9: 183 daAuts
   Sewer: 116 daAuts
  Lair:2: 41 daAuts
